 Dungeon Crawl Stone Soup version 0.27.0-1-g7a089689b8 (webtiles) character file.

Game seed: 13998522107966398222

784 mainiacjoe the Covert (level 7, -12/62 HPs)
             Began as a Naga Delver on Aug 13, 2021.
             Was a Priest of Zin.
             Mangled by an ogre (19 damage)
             ... on level 5 of the Dungeon.
             The game lasted 00:21:07 (7307 turns).

mainiacjoe the Covert (Naga Delver)                 Turns: 7307, Time: 00:21:07

Health: -12/62     AC: 10    Str: 15    XL:     7   Next: 86%
Magic:  12/12      EV:  4    Int: 11    God:    Zin [***...]
Gold:   81         SH:  9    Dex: 13    Spells: 6/6 levels left

rFire    . . .     SeeInvis +   a - +0 whip (elec)
rCold    + . .     Faith    .   s - +2 kite shield
rNeg     . . .     Spirit   .   A - +0 leather armour
rPois    +         Reflect  .   (no helmet)
rElec    .         Harm     .   l - +0 cloak
rCorr    .         Rampage  .   (no gloves)
Will     .....                  f - +2 barding {rC+}
Stlth    ++++......             (no amulet)
HPRegen  0.20/turn              (no ring)
MPRegen  0.13/turn              (no ring)

@: short of breath, on recite cooldown, very slow
A: AC +2, large, see invisible, deformed body, poison resistance, slowness 2,
spit poison 1, naga tail 1
a: Spit Poison, Renounce Religion, Recite, Vitalisation, Imprison, Donate Gold


You were on level 5 of the Dungeon.
You worshipped Zin.
Zin was most pleased with you.
You visited 2 branches of the dungeon, and saw 7 of its levels.

You collected 309 gold pieces.
You spent 198 gold pieces at shops.
You donated 30 gold pieces to Zin.

Inventory:

Hand Weapons
 a - a +0 whip of electrocution (weapon)
 b - a +0 hunting sling
 c - a +0 flail of holy wrath
 w - a +0 dagger
Missiles
 h - 70 bolts
 j - 64 arrows
 o - 212 stones (quivered)
Armour
 f - a +2 barding of cold resistance (worn)
 l - a +0 cloak (worn)
 s - a +2 kite shield (worn)
 A - a +0 leather armour (worn)
Wands
 g - a wand of digging (3)
 t - a wand of iceblast (18)
Scrolls
 d - a scroll of magic mapping
 e - 2 scrolls of fear
 k - 2 scrolls of identify
 n - a scroll of teleportation
 r - a scroll of holy word
 x - 2 scrolls of fog
 z - a scroll of blinking
Potions
 i - a potion of resistance
 m - a potion of attraction
 p - 2 potions of curing
 u - a potion of ambrosia


   Skills:
 - Level 3.0 Fighting
 - Level 2.0(2.2) Axes
 + Level 1.4(2.0) Maces & Flails
 - Level 1.5 Dodging
 - Level 10.0 Stealth
 + Level 7.5 Invocations


You had 6 spell levels left.
You didn't know any spells.
Your spell library contained the following spells:

 Spells                   Type           Power      Damage    Failure   Level
 Ozocubu's Armour         Ice            0%         N/A       100%        3
 Ozocubu's Refrigeration  Ice            0%         4d5       100%        7


Dungeon Overview and Level Annotations

Branches:
Dungeon (6/15)             Temple (1/1) D:4

Altars:
Ashenzari
Cheibriados
Dithmenos
Elyvilon
Fedhas
Gozag
Kikubaaqudgha
Makhleb
Nemelex Xobeh
Okawaru
Qazlal
Ru
Sif Muna
Vehumet
Xom
Yredelemnul
Zin

Shops:
D:3 ?

Annotations:
D:5 Sigmund


Innate Abilities, Weirdness & Mutations

Your serpentine skin is tough. (AC +2)
You have supernaturally acute eyesight. (SInv)
Armour fits poorly on your strangely shaped body.
Your system is resistant to poisons. (rPois)
You cover ground very slowly.
You can spit poison.
You have a snake-like lower body.


Message History

You have got your breath back.
You block the ogre's attack.
You closely miss the ogre.
The ogre is moderately wounded. "...and just, and not a voice dissented."
You finish reciting Apostates 7:76.
You block the ogre's attack.
You barely miss the ogre.
The ogre is moderately wounded.
The ogre hits you with a +0 giant club!
Press: ? - help, Shift-Dir - straight line, f/p - ogre
Aim: an ogre, wielding a +0 giant club (moderately wounded)
The splash of poison hits the ogre.
The ogre is poisoned.
The ogre is heavily wounded.
The ogre barely misses you.
You have got your breath back.
The ogre looks more healthy.
Press: ? - help, Shift-Dir - straight line, f/p - ogre
Aim: an ogre, wielding a +0 giant club (severely wounded)
The splash of poison hits the ogre.
The ogre is severely wounded.
The ogre hits you with a +0 giant club!
The ogre hits you with a +0 giant club!!
* * * LOW HITPOINT WARNING * * *
Unknown command.
You feel much better.
You have got your breath back.
The ogre hits you with a +0 giant club!
Press: ? - help, Shift-Dir - straight line, f/p - ogre
Aim: an ogre, wielding a +0 giant club (severely wounded)
The splash of poison hits the ogre.
The ogre is almost dead.
You hear the crackle of electricity.
a - a +0 whip of electrocution (weapon)
The ogre hits you with a +0 giant club!
* * * LOW HITPOINT WARNING * * *
You barely miss the ogre.
The ogre is almost dead.
The ogre hits you with a +0 giant club!!
You die...

.....## ###..## #...###.....#..
......## #..####.....#.....#..
.......# #..##....##.'##'##+##
.......# #..#.....####..#.....
......## ##..#.....## #..#'###+
......# #..........###..#.....
.....## #..........#.'..'.._..
....########............#..#.....
..........>....O@......##..#+###+
..############.........##..#.....
.## #..........+##'##+## .#
#..........#.....#.. ##
#..........#.....#.. #
#.......#..###'##+##
##...######..#.##..# #####
##...#.... ####......##


You could see an ogre.

Vanquished Creatures
  An acid dragon (D:6)
  A black bear (D:4)
  An ogre (D:4)
  A gnoll sergeant (D:5)
  3 scorpions
  A bullfrog zombie (D:5)
  A hound (D:4)
  A centaur skeleton (D:5)
  An iguana (D:4)
  Terence (D:3)
  3 adders
  3 gnolls (D:5)
  An adder zombie (D:5)
  2 worms (D:3)
  A dart slug (D:1)
  3 ball pythons
  6 bats
  4 endoplasms
  4 giant cockroaches
  3 hobgoblins
  4 jackals
  9 kobolds
  4 quokkas
  4 frilled lizards
  3 goblins
  3 rats
69 creatures vanquished.

Vanquished Creatures (others)
  5 toadstools (D:1)
5 creatures vanquished.

Grand Total: 74 creatures vanquished

Notes
Turn   | Place    | Note
-------+----------+-------------------------------------------
     0 | D:5      | mainiacjoe the Naga Delver began the quest for the Orb.
     0 | D:5      | Reached XP level 1. HP: 21/21 MP: 1/1
    30 | D:3      | Noticed Terence
   472 | D:2      | Found a glowing silver altar of Zin.
   498 | D:2      | Became a worshipper of Zin the Law-Giver
   822 | D:1      | Reached XP level 2. HP: 28/28 MP: 2/2
   895 | D:1      | Reached skill level 8 in Stealth
  1270 | D:1      | Reached XP level 3. HP: 34/34 MP: 3/3
  1522 | D:2      | Found a faded altar of an unknown god.
  1734 | D:2      | Reached * piety under Zin
  1895 | D:2      | Reached skill level 9 in Stealth
  2751 | D:3      | Reached XP level 4. HP: 34/42 MP: 4/4
  2900 | D:3      | Found a basalt altar of Yredelemnul.
  2900 | D:3      | Found a stormy altar of Qazlal.
  2901 | D:3      | Found a glowing silver altar of Zin.
  2925 | D:3      | Reached ** piety under Zin
  3571 | D:3      | Found Boakucw's Magic Scroll Emporium.
  3579 | D:3      | Bought a scroll of identify for 24 gold pieces
  3579 | D:3      | Bought a scroll of teleportation for 36 gold pieces
  3581 | D:3      | Identified a scroll of acquirement
  3582 | D:3      | Acquired a +1 barding of cold resistance
  3871 | D:3      | Killed Terence
  3872 | D:3      | Reached skill level 10 in Stealth
  3934 | D:3      | Reached skill level 1 in Invocations
  4028 | D:4      | Found a staircase to the Ecumenical Temple.
  4040 | D:4      | Reached XP level 5. HP: 29/49 MP: 4/6
  4042 | Temple   | Entered the Ecumenical Temple
  4369 | D:4      | Noticed a black bear
  4397 | D:3      | Bought a scroll of identify for 24 gold pieces
  4397 | D:3      | Bought a scroll of identify for 24 gold pieces
  4397 | D:3      | Bought a scroll of holy word for 90 gold pieces
  4426 | D:4      | Killed a black bear
  4427 | D:4      | Reached XP level 6. HP: 50/56 MP: 6/8
  4685 | D:4      | Reached *** piety under Zin
  5238 | D:4      | Reached skill level 5 in Invocations
  5616 | D:5      | Reached XP level 7. HP: 35/62 MP: 11/11
  6133 | D:5      | Found a snail-covered altar of Cheibriados.
  6255 | D:5      | Identified the +1 ring mail "Weoclaw" {rElec Str-5 Slay+2}
  6267 | D:5      | Found a broken altar of Ashenzari.
  6713 | D:5      | Noticed Sigmund
  7288 | D:6      | Reached skill level 1 in Maces & Flails
  7303 | D:5      | HP: 1/62 [ogre (22)]
  7307 | D:5      | Mangled by an ogre

Illustrated notes

Levels and vault maps discovered:
D:1:      ldierk_walled_garden, layout_loops_corners
D:2:      minmay_chambers_of_twos, layout_loops_ring, basic_ecumenical_altar,
          basic_altar, chequers_serial_rivers_large_b, supply_closet_lemuel
D:3:      layout_loops_corners, nicolae_overflow_hidden_temple, serial_shops,
          nicolae_shop_statue_plus, uniq_terence
D:4:      layout_basic, minmay_temple_entry_drinking_statues
D:5:      layout_cave_pods, mainiacjoe_overflow_24_doors, lemuel_tele_altar,
          minmay_misc_feat_doors, uniq_sigmund
D:6:      layout_rooms, nicolae_tso_besieged_by_evil, trog_hazing_becter,
          serial_shops, shop, uniq_duvessa
Temple:   chequers_temple_sunken

Skill      XL: |  1  2  3  4  5  6  7 |
---------------+----------------------+-----
Stealth        | 8 9 10 | 10.0
Invocations    | 2 3 6 7 |  7.5
Maces & Flails | 1 |  1.4
Fighting       | |  3.0
Axes           | |  2.0
Dodging        | |  1.5

Action                   |  1- 3 |  4- 6 |  7- 9 || total
-------------------------+-------+-------+-------++-------
Melee: Hand axe          |    84 |    56 |       ||   140
       Trident           |       |    21 |    42 ||    63
       Dagger            |       |       |     4 ||     4
       Whip              |       |       |     1 ||     1
 Fire: Hunting sling     |       |     8 |     4 ||    12
Throw: Dart              |    42 |     6 |       ||    48
       Stone             |    32 |    32 |     2 ||    66
Invok: Recite            |     2 |     2 |     4 ||     8
 Abil: Spit Poison       |    20 |    25 |    12 ||    57
Evoke: Wand              |       |       |     1 ||     1
  Use: Potion            |     1 |       |     1 ||     2
       Scroll            |       |    11 |     1 ||    12
 Stab: Sleeping          |     1 |     1 |     1 ||     3
Armor: Leather armour    |    26 |    36 |    30 ||    92
Dodge: Dodged            |    41 |    28 |     7 ||    76
Block: Kite shield       |       |    28 |    27 ||    55
